 Dungeon Crawl Stone Soup version 0.30.1-11-g7821555f0a (webtiles) character file.

Game seed: 9522579166399709382

588 lonewolfV2 the Covered (level 7, -1/59 HPs)
             Began as a Formicid Fighter on Nov 15, 2023.
             Splashed by a jelly's acid (4 damage)
             ... on level 4 of the Dungeon.
             The game lasted 00:03:24 (4254 turns).

lonewolfV2 the Covered (Formicid Fighter)           Turns: 4254, Time: 00:03:25

Health: -1/59      AC:  1    Str: 23    XL:     7   Next: 65%
Magic:  7/7        EV:  9    Int:  7    God:
Gold:   164        SH:  6    Dex: 13    Spells: 6/6 levels left

rFire   . . .        a - +0 war axe
rCold   . . .        c - +1 buckler
rNeg    + . .        b - +0 scale mail
rPois   .            (helmet unavailable)
rElec   .            n - +0 cloak
rCorr   .            (no gloves)
SInv    +            (no boots)
Will    .....        (no amulet) Stlth
                     o - ring of positive energy
HPRegen 0.29/turn    (no ring)
MPRegen 0.10/turn

%: no passive effects
@: corroded
A: permanent stasis, dig shafts and tunnels, antennae 3, four strong arms
a: Dig, Shaft Self


You were on level 4 of the Dungeon.
You visited 1 branch of the dungeon, and saw 4 of its levels.

You collected 164 gold pieces.

Inventory:

Hand Weapons
 a - a +0 war axe (weapon)
Missiles
 g - a throwing net
Armour
 b - a +0 scale mail (worn)
 c - a +1 buckler (worn)
 n - a +0 cloak (worn)
Jewellery
 o - a ring of positive energy (left hand)
Scrolls
 d - a scroll of poison {unknown}
 f - a scroll of teleportation {unknown}
 p - a scroll of enchant armour
Potions
 e - a potion of ambrosia {unknown}
 h - 2 potions of cancellation {unknown}
 i - a potion of degeneration
 j - 2 potions of berserk rage
 k - a potion of brilliance {unknown}
 l - 2 potions of attraction {unknown}
 m - 2 potions of haste


   Skills:
 + Level 6.8 Fighting
 - Level 2.0 Axes
 + Level 6.8 Armour
 - Level 4.0 Shields


You had 6 spell levels left.
You didn't know any spells.
Your spell library contained the following spells:

 Spells                   Type           Power      Damage    Failure   Level
 Foxfire                  Conj/Fire      0%         2x1d4     78%         1
 Cigotuvi's Dreadful Rot  Necr/Pois/Air  0%         N/A       89%         2
 Dispel Undead            Necr           0%         3d6       100%        4
 Fireball                 Conj/Fire      0%         3d3       100%        5
 Death Channel            Necr           0%         N/A       100%        6
 Plasma Beam              Fire/Air       0%         2x1d11    100%        6
 Starburst                Conj/Fire      0%         6d3       100%        6


Dungeon Overview and Level Annotations

Branches:
Dungeon (4/15)
 Temple: D:4-7

Altars:
Ashenzari


Innate Abilities, Weirdness & Mutations

You cannot be hasted, slowed, berserked, paralysed or teleported.
You can dig through walls and to a lower floor.
You have a pair of large antennae on your head. (SInv)
Your four strong arms can wield two-handed weapons with a shield.


Message History

The hobgoblin hits you.
You hit the hobgoblin.
The hobgoblin is almost dead.
The hobgoblin hits you.
The hobgoblin hits you but does no damage.
You slash the hobgoblin!
You kill the hobgoblin!
HP restored.
You sense a monster nearby.
You sense a monster nearby.
d - a scroll labelled WIASIF SIVVEU A jelly comes into view.
The jelly quivers.
A jelly is nearby!
A jelly is nearby!
The jelly hits you but does no damage.
You hit the jelly. The acid corrodes you!
Your hands burn!
The jelly is lightly wounded.
The jelly hits you.
You are splashed with acid!
You hit the jelly but do no damage. The acid corrodes you!
Your hands burn!
The jelly is lightly wounded.
The jelly closely misses you. The jelly hits you.
You are splashed with acid!
You hit the jelly but do no damage.
Your hands burn!
The jelly is lightly wounded.
The jelly hits you. The acid corrodes you!
You are splashed with acid!
You hit the jelly.
Your hands burn!
* * * LOW HITPOINT WARNING * * *
The jelly is heavily wounded.
The jelly closely misses you.
The jelly jiggles.
The jelly barely misses you.
You hit the jelly.
Your hands burn!
* * * LOW HITPOINT WARNING * * *
The jelly is severely wounded.
The jelly hits you.
* * * LOW HITPOINT WARNING * * *
You are splashed with acid!
* * * LOW HITPOINT WARNING * * *
You hit the jelly but do no damage.
Your hands burn!
You die...

#.......#.......#.......#..####.
#######################.#..##...
#..#.#..####. #..#....# #.
#.>..#### #. ###### #. #.
######################.
#....J@................
#.#####################


You could see a jelly.

Vanquished Creatures
  Menkaure (D:4)
  Duvessa (D:4)
  A scorpion (D:4)
  Dowan (D:4)
  A killer bee (D:4)
  An iguana (D:4)
  An orc wizard (D:4)
  6 gnolls
  4 adders
  A worm (D:2)
  6 orcs
  A ball python (D:4)
  8 bats
  5 endoplasms
  3 giant cockroaches
  3 goblins
  9 hobgoblins
  2 jackals (D:1)
  3 quokkas
  5 frilled lizards
  5 kobolds
  3 rats
71 creatures vanquished.

Notes
Turn   | Place    | Note
-------+----------+-------------------------------------------
     0 | D:1      | lonewolfV2 the Formicid Fighter began the quest for the
                  | Orb.
     0 | D:1      | Reached XP level 1. HP: 18/18 MP: 1/1
   130 | D:1      | Reached XP level 2. HP: 24/24 MP: 2/2
   481 | D:1      | Reached XP level 3. HP: 29/30 MP: 3/3
   823 | D:2      | Noticed a great orb of eyes
   874 | D:2      | Reached XP level 4. HP: 26/37 MP: 4/4
   937 | D:2      | Found a broken altar of Ashenzari.
  1118 | D:2      | Found a faded altar of an unknown god.
  1118 | D:2      | Noticed a floating eye
  1124 | D:2      | Noticed a shining eye
  1124 | D:2      | Noticed an eye of devastation
  1558 | D:3      | Identified the ring of Vecrephu {rN+ MP+9 Str-5 Int+3}
  1686 | D:3      | Identified the +2 ring mail "Dyczoniecw" {rF++ Dex-2}
  2517 | D:4      | Noticed Menkaure
  2521 | D:4      | HP: 1/38 [Menkaure (19)]
  2522 | D:4      | Killed Menkaure
  2523 | D:4      | Reached skill level 5 in Fighting
  2523 | D:4      | Reached skill level 5 in Armour
  2523 | D:4      | Reached XP level 5. HP: 2/44 MP: 5/5
  2523 | D:4      | Reached XP level 6. HP: 2/51 MP: 6/6
  3220 | D:4      | HP: 2/52 [iguana (8)]
  3221 | D:4      | Reached XP level 7. HP: 2/58 MP: 7/7
  3798 | D:4      | Noticed Duvessa
  3798 | D:4      | Noticed Dowan
  3807 | D:4      | Killed Duvessa
  3813 | D:4      | Killed Dowan
  4254 | D:4      | Splashed by a jelly's acid

Illustrated notes

Levels and vault maps discovered:
D:1:      dpeg_arrival_court, layout_loops_ring
D:2:      layout_rooms, hellmonk_ecumenical_altar_watching_god, basic_altar
D:3:      layout_basic
D:4:      layout_basic, serial_bayou, serial_bayou_pond_b, serial_bayou_shore_b,
          serial_bayou_shore_b, serial_bayou_crossing, patterned_corridor,
          uniq_duvessa, uniq_menkaure

Skill      XL: |  1  2  3  4  5  6 |
---------------+-------------------+-----
Fighting       | 4 5 6 |  6.8
Armour         | 4 5 6 |  6.8
Axes           | |  2.0
Shields        | |  4.0

Action                     |  1- 3 |  4- 6 |  7- 9 || total
---------------------------+-------+-------+-------++-------
  Melee: War axe           |    71 |    99 |    37 ||   207
    Use: Scroll            |     2 |     5 |       ||     7
         Potion            |       |     5 |     1 ||     6
 Armour: Scale mail        |    42 |    71 |     9 ||   122
  Dodge: Dodged            |    48 |    62 |     9 ||   119
  Block: Buckler           |    27 |    33 |    13 ||    73
